[Event "Late-Titled-Tuesday-Blitz-August-29-2023"]
[Site "Chess.com"]
[Date "2023.08.29"]
[Round "3"]
[White "XiaoKangZhong"]
[Black "CarrotsandPizza"]
[Result "1-0"]
[WhiteElo "2552"]
[BlackElo "2321"]
[TimeControl "180+1"]
[EndTime "14:28:28 PDT"]
[Termination "XiaoKangZhong won on time"]

1. e4 c5 2. Nf3 Qb6 3. c3 e6 4.
d4 d5 5. exd5 exd5 6. Bd3 c4 7.
Bc2 Bd6 8. O-O Ne7 9. Re1 O-O 10. b3 cxb3 11. axb3 Nbc6 12. Nh4 Bd7 13. Qd3 Ng6 14. Nf5 Bc7 15. h4 Rfe8 16. Be3 Nce7 17. Nxe7+ Rxe7 18.
h5 Nf8 19. Nd2 Rae8 20. Nf3 Qf6 21. Re2 Qb6 22. Rae1 Bg4 23. Bg5 Rxe2 24. Rxe2 Rxe2 25. Qxe2 Bxh5 26. Qe8 f6 27. Qxh5 g6 28. Qg4 fxg5 29.
Qxg5 Qa5 30. g3 Qb5 31. Kg2 Qd7 32. Ne5 Qe6 33. Bd3 a6 34. c4 Bd6 35. cxd5 Qe7 36. Qf4 Nd7 37. Qe4 Nxe5 38. dxe5 Qxe5 39. Qc4 Kg7 40. Qc8 Qxd5+ 41. Kh2 Qf7 42. Qc4 Qe7 43.
Qd5 Qe5 44. Qxb7+ Kh6 45. Bc4 Bc5 46. Kg2 Qf5 47. Qd5 Qxf2+ 48. Kh3 Qg1 49. Qd2+ 1-0

[Event "Late-Titled-Tuesday-Blitz-August-29-2023"]
[Site "Chess.com"]
[Date "2023.08.29"]
[Round "3"]
[White "MusicCityMaster"]
[Black "Grebeniuk-S"]
[Result "1-0"]
[WhiteElo "2455"]
[BlackElo "2610"]
[TimeControl "180+1"]
[EndTime "14:28:30 PDT"]
[Termination "MusicCityMaster won by checkmate"]

1. e4 d5 2. exd5 Qxd5 3. Nc3 Qa5 4. d4 Nf6 5. Nf3 Bg4 6. h3 Bh5 7. g4 Bg6 8. Ne5 e6 9. h4 Bb4 10. Bd2 Nbd7 11. Nc4 Qa6 12. h5 Bxc3 13. Bxc3 Be4 14. Rh3 Bd5 15. Ne5 Qd6 16. Bd3 Ne4 17. Bxe4 Bxe4 18.
Qe2 Bd5 19. O-O-O Nxe5 20. dxe5 Qc6 21. Kb1 O-O-O 22. h6 gxh6 23. Rhd3 Rhg8 24. Qe3 Rxg4 25. b3 b6 26. Qxh6 Rdg8 27. Qxh7 Rg1 28. Qxf7 Rxd1+ 29. Rxd1 Rg2 30. Kb2 a5 31. Rd3 Kb7 32. Bd4 Qb5 33.
Rc3 Bc6 34. Qxe6 a4 35. Qc4 Qd5 36. Qxd5 Bxd5 37. bxa4 c5 38. Be3 Kc6 39. f4 Re2 40. Rd3 c4 41. Rc3 Be4 42. Ka3 Kd5 43. Kb4 Rxc2 44. Rxc2 Bxc2 45. Bxb6 Bf5 46. Kc3 Bd7 47. a5 Bb5 48. Bd4 Ba6 49. f5 Bc8 50. f6 Be6 51. a6 Kc6 52. a7 Kb7 53. Kb4 Bf7 54. a4 Be6 55. Kc3 Bf7 56. a5 Ka8 57. a6 Be6 58.
Kb4 Bd5 59. Kc5 Be6 60. Bc3 Bf7 61. Kd6 Kxa7 62. e6 Bxe6 63. Kxe6 Kxa6 64. f7 Kb5 65. f8=Q Ka4 66. Qb4# 1-0

[Event "Late-Titled-Tuesday-Blitz-August-29-2023"]
[Site "Chess.com"]
[Date "2023.08.29"]
[Round "3"]
[White "rochaaaaaaaaaa"]
[Black "Fuzesabonyilaci"]
[Result "1-0"]
[WhiteElo "2239"]
[BlackElo "2398"]
[TimeControl "180+1"]
[EndTime "14:28:34 PDT"]
[Termination "rochaaaaaaaaaa won by resignation"]

1. e4 e6 2. d4 d5 3. Nc3 dxe4 4.
Nxe4 Bd7 5. Nf3 Bc6 6. Bd3 Bxe4 7. Bxe4 c6 8. Bf4 Nf6 9. Bd3 Bd6 10. Ne5 Nd5 11. Bg3 Bb4+ 12. c3 Nxc3 13. bxc3 Bxc3+ 14. Kf1 Bxd4 15. Rb1 b6 16. Be4 Bxe5 17. Qxd8+ Kxd8 18. Bxe5 Ke7 19. Bxg7 Rd8 20. g3 Rd2 21. a4 f6 22.
Kg2 Kf7 23. Bh6 Rd4 24. Bf3 Rxa4 25. Rhd1 Ke7 26. Rd3 e5 27. g4 Rc4 28. Rbd1 a5 29.
Rd8 e4 30. Be2 Rc2 31. Bf1 a4 32. Bf4 e3 33. Bxe3 a3 34. Bxb6 a2 35. Bc7 Rb2 36.
Bxb8 Rbxb8 37. Rxb8 Rxb8 38. Ra1 Rb2 39. Bc4 Rb4 40.
Bxa2 Rxg4+ 41. Kf3 Ra4 42. Re1+ Kf8 43. Be6 h6 44. Bf5 Ra5 45. Bh3 c5 46. Rc1 Kf7 47. Bf1 Ra3+ 48. Ke4 Ra2 49. Bc4+ Kg6 50. Bxa2 f5+ 51.
Ke5 Kg5 52. f4+ 1-0

[Event "Late-Titled-Tuesday-Blitz-August-29-2023"]
[Site "Chess.com"]
[Date "2023.08.29"]
[Round "3"]
[White "dennisodessa"]
[Black "Zkid"]
[Result "0-1"]
[WhiteElo "2544"]
[BlackElo "2859"]
[TimeControl "180+1"]
[EndTime "14:28:35 PDT"]
[Termination "Zkid won on time"]

1. d4 d5 2. c4 dxc4 3. e3 Nf6 4.
Bxc4 e6 5. Nf3 c5 6. O-O a6 7.
dxc5 Qxd1 8. Rxd1 Bxc5 9. a3 b6 10. b4 Be7 11. Bb2 Bb7 12. Nbd2 Nbd7 13. Ne5 Nxe5 14.
Bxe5 O-O 15. Nb3 Rac8 16. Rac1 Rfd8 17. Rxd8+ Bxd8 18. f3 Bd5 19. Bxd5 Rxc1+ 20. Nxc1 Nxd5 21. e4 Ne3 22. Kf2 Nc4 23. Bd4 Nxa3 24. Ke2 Nb5 25. Be3 Kf8 26. Nd3 Ke7 27. Nb2 Nd6 28. Na4 Nc4 29. Bf2 Kd6 30. Kd3 Ne5+ 31. Kc3 Kc6 32. f4 Ng4 33. Bg1 f5 34. exf5 exf5 35. Nb2 Bf6+ 36. Kb3 Bxb2 37. Kxb2 b5 38. Kc3 Kd5 39. Kd3 g6 40. h3 Nf6 41. Bd4 Nh5 42. Be3 Ng7 43. Bd2 Ne6 44. Bc1 h6 45. Bd2 Kd6 46. Bc1 Ke7 47. Bd2 Kf6 48. Bc3+ Kf7 49. Bd2 g5 50. fxg5 hxg5 51. g3 Kf6 52. h4 gxh4 53. gxh4 Kg6 54. Be1 Kh5 55. Ke2 Kg4 56. Bf2 Nf4+ 57.
Kf1 Nd3 0-1

[Event "Late-Titled-Tuesday-Blitz-August-29-2023"]
[Site "Chess.com"]
[Date "2023.08.29"]
[Round "3"]
[White "Garmendiarov"]
[Black "Goffredo_Fofi"]
[Result "1-0"]
[WhiteElo "2326"]
[BlackElo "2528"]
[TimeControl "180+1"]
[EndTime "14:28:35 PDT"]
[Termination "Garmendiarov won on time"]

1. e4 g6 2. d4 Bg7 3. Nc3 c6 4. Nf3 d5 5. h3 dxe4 6. Nxe4 Nf6 7. Nxf6+ exf6 8. Bc4 O-O 9. O-O a5 10. a4 Na6 11. c3 Nc7 12. Bf4 Nd5 13. Bg3 Bh6 14.
Qb3 Ra7 15. Rfe1 Be6 16. Rad1 Re8 17. Nd2 f5 18. Nf3 f4 19. Bh2 f6 20. Nd2 Bf7 21. Ne4 Bg7 22. Nc5 b6 23. Nd3 g5 24.
Rxe8+ Bxe8 25. Re1 Bf7 26. g3 Qd7 27. gxf4 Qxh3 28.
fxg5 Kh8 29. Nf4 Qg4+ 30. Ng2 fxg5 31. Qd1 Qh3 32. Qd3 Qxd3 33. Bxd3 Kg8 34. Be5 Re7 35. Bxg7 Rxe1+ 36. Nxe1 Kxg7 37. Nf3 h6 38. Ne5 Be8 39. Be4 Ne7 40. Kg2 h5 41. Kg3 Kf6 42. f4 gxf4+ 43. Kxf4 c5 44. Nf3 Bxa4 45. dxc5 bxc5 46. Nh4 Bd7 47. Ke3 Be6 48. Bf3 Kg5 49. Ng2 Nf5+ 50. Kf2 h4 51. Ne1 Kf4 52. Nd3+ Kg5 53. Nxc5 1-0

[Event "Late-Titled-Tuesday-Blitz-August-29-2023"]
[Site "Chess.com"]
[Date "2023.08.29"]
[Round "3"]
[White "wild3000"]
[Black "KrokerGuy"]
[Result "0-1"]
[WhiteElo "2316"]
[BlackElo "2493"]
[TimeControl "180+1"]
[EndTime "14:28:35 PDT"]
[Termination "KrokerGuy won by resignation"]

1. d4 d5 2. g3 Nf6 3. Bg2 c5 4. Nf3 cxd4 5. Nxd4 e5 6. Nb3 Nc6 7.
O-O Be6 8. Nc3 Be7 9. Bg5 d4 10. Nb1 O-O 11. N1d2 Bd5 12. Bxf6 Bxf6 13. Bxd5 Qxd5 14.
f3 Bg5 15. Kg2 f5 16. c4 dxc3 17. bxc3 Rad8 18. c4 Qd6 19. Qc2 Nd4 20. Nxd4 Qxd4 21. Nb3 Qe3 22. Rad1 e4 23. f4 Bf6 24. Rxd8 Rxd8 25. Rd1 Qb6 26. c5 Qe6 27. Rxd8+ Bxd8 28. Nd4 Qd5 29. e3 Bf6 30. Qb3 Qxb3 31. Nxb3 Kf7 32. Na5 b6 33. cxb6 axb6 34. Nc4 Bd8 35. h3 Ke6 36. g4 g6 37. Kf2 Kd5 38. Nd2 Kc5 39. g5 Kb4 40. Nb1 Kc4 41. Ke2 b5 42. Kd2 Ba5+ 43.
Kc2 Bb4 44. Nd2+ Bxd2 45. Kxd2 Kb4 46. Kc2 Ka3 47. Kb1 b4 48. h4 b3 49. axb3 Kxb3 50. Kc1 Kc3 51. Kd1 Kd3 52. Ke1 Kxe3 0-1

[Event "Late-Titled-Tuesday-Blitz-August-29-2023"]
[Site "Chess.com"]
[Date "2023.08.29"]
[Round "3"]
[White "Cluke86"]
[Black "DishonorOnYourCow"]
[Result "1-0"]
[WhiteElo "2284"]
[BlackElo "2508"]
[TimeControl "180+1"]
[EndTime "14:28:36 PDT"]
[Termination "Cluke86 won by resignation"]

1. e4 c5 2. Nc3 d6 3. f4 g6 4.
Nf3 Bg7 5. Bc4 e6 6. d3 Nc6 7. O-O Nge7 8. Qe1 O-O 9. f5 gxf5 10. Bg5 f6 11. Bd2 fxe4 12. dxe4 d5 13. exd5 exd5 14.
Bd3 c4 15. Be2 Nf5 16. Nh4 Nfd4 17. Qg3 Nxe2+ 18. Nxe2 f5 19. c3 d4 20. Bh6 Qf6 21. Bg5 Qf7 22. Nf4 dxc3 23. bxc3 Ne5 24. Rae1 Kh8 25.
Nf3 Ng6 26. Nd4 Bd7 27. Nfe6 Bxe6 28. Nxe6 Rfe8 29. Nxg7 Kxg7 30. Rxe8 Rxe8 31. Qf3 Re5 32. Be3 Re4 33. Bd4+ Kg8 34. Qxf5 Qxf5 35. Rxf5 Re1+ 36. Kf2 Re7 37. Bxa7 Ne5 38. Bd4 Nd3+ 39. Kf3 Ne1+ 40. Kg3 Nc2 41. Bc5 Rg7+ 42. Kf4 Rc7 43. Rg5+ Kf7 44.
Rf5+ Ke6 45. Bf2 Rg7 46. g4 Na3 47. Re5+ Kd6 48. Bc5+ Kc6 49. Bxa3 Rf7+ 50. Rf5 Rd7 51. g5 Rd1 52. Bb4 Rf1+ 53. Ke5 Rh1 54. Rf2 Re1+ 55. Kf6 Kd5 56. h4 Re6+ 57. Kf7 Re4 58. h5 Rg4 59. g6 hxg6 60. hxg6 1-0

[Event "Late-Titled-Tuesday-Blitz-August-29-2023"]
[Site "Chess.com"]
[Date "2023.08.29"]
[Round "3"]
[White "Petrakejzar96"]
[Black "wgraif"]
[Result "1/2-1/2"]
[WhiteElo "2332"]
[BlackElo "2539"]
[TimeControl "180+1"]
[EndTime "14:28:38 PDT"]
[Termination "Game drawn - insufficient material"]

1. e4 e5 2. Nf3 Bc5 3. Bc4 Nf6 4. d3 Nc6 5. c3 d6 6. Be3 Bxe3 7. fxe3 O-O 8. Nbd2 d5 9. Bb3 dxe4 10. dxe4 b6 11. Qe2 Bb7 12. Rd1 Qe7 13. O-O Na5 14. Bc2 Rad8 15.
Qf2 Ne8 16. b4 Nc6 17. Bb3 Kh8 18. Qg3 Rd3 19. Nh4 Nd6 20. Nc4 Nxe4 21. Qg4 Rxd1 22.
Rxd1 Nxc3 23. Rd7 Bc8 24. Rxe7 Bxg4 25. Rxc7 Nxb4 26. Nxe5 Ncd5 27. Rxf7 Rxf7 28. Nxf7+ Kg8 29. Ne5 Be6 30. a3 Na6 31. Nc6 Ndc7 32. Bxe6+ Nxe6 33.
Nxa7 Nac7 34. Nc6 Nb5 35. Ne7+ Kf7 36. Nd5 Nxa3 37. Nxb6 Nc2 38. Nc4 g5 39. Nf3 Kf6 40. Kf2 h5 41. Nfd2 Kf5 42. e4+ Kf6 43. g3 Ncd4 44. Ke3 Nc6 45. Kd3 Nc5+ 46. Ke3 Ne6 47. Nb6 Ne5 48. Nd5+ Kg6 49. Nf3 Ng4+ 50. Ke2 Nc5 51. h3 Nxe4 52. hxg4 hxg4 53. Ne5+ Kf5 54. Ne3+ Kxe5 55. Nxg4+ Kf5 56. Ne3+ Ke5 57. Kf3 Nxg3 58. Kg4 Ke4 59. Kxg5 1/2-1/2

[Event "Late-Titled-Tuesday-Blitz-August-29-2023"]
[Site "Chess.com"]
[Date "2023.08.29"]
[Round "3"]
[White "HalfIsCrayfish"]
[Black "Karina_Ivanova"]
[Result "1-0"]
[WhiteElo "2541"]
[BlackElo "2313"]
[TimeControl "180+1"]
[EndTime "14:28:38 PDT"]
[Termination "HalfIsCrayfish won on time"]

1. d4 a6 2. e4 e6 3. Nf3 c5 4. d5 d6 5. a4 e5 6. Nc3 Bg4 7. Be2 Nf6 8. Nd2 Bxe2 9. Qxe2 Be7 10. Nc4 O-O 11. h3 Nbd7 12. a5 b5 13. axb6 Nxb6 14. Na5 Qc7 15. Nc6 Rfe8 16. Be3 Bf8 17. O-O Qb7 18. b3 Rec8 19. Rfd1 Rxc6 20. dxc6 Qxc6 21. Rxa6 Rxa6 22. Qxa6 Nfd7 23. Na4 Qc7 24. c4 g6 25. Nxb6 Qxb6 26. Qxb6 Nxb6 27. Bd2 Kg7 28. Ba5 Nc8 29. b4 cxb4 30. Bxb4 Kf6 31. f3 Ke6 32. Kf2 Nb6 33. Rc1 Nd7 34. Ke3 f5 35. Ra1 fxe4 36. fxe4 Be7 37.
Ra6 Nb8 38. Rb6 Nd7 39. Rb7 h5 40. g3 h4 41. g4 Bg5+ 42. Kd3 Be7 43. Ra7 Nb8 44.
Rb7 Nd7 45. Ra7 Nb8 46. Ba3 Nc6 47. Ra8 g5 48. Rg8 Kf7 49. Rc8 Nd8 50. Bxd6 Bxd6 51.
Rxd8 Ke7 52. Rg8 1-0

[Event "Late-Titled-Tuesday-Blitz-August-29-2023"]
[Site "Chess.com"]
[Date "2023.08.29"]
[Round "3"]
[White "egnfanclub"]
[Black "Haykoooo0o"]
[Result "0-1"]
[WhiteElo "2299"]
[BlackElo "2464"]
[TimeControl "180+1"]
[EndTime "14:28:38 PDT"]
[Termination "Haykoooo0o won by resignation"]

1. e4 c6 2. d4 d5 3. exd5 cxd5 4. c4 Nf6 5. Nc3 Nc6 6. Nf3 a6 7. h3 Bf5 8. cxd5 Nxd5 9. Bd3 Bxd3 10. Qxd3 e6 11. O-O Be7 12. a3 O-O 13. Ne4 Nf6 14. Rd1 Nxe4 15. Qxe4 Bf6 16. Be3 Qd5 17. Qxd5 exd5 18. Rac1 Rfe8 19. Rc5 Rad8 20. Kf1 h6 21. b4 Re4 22. b5 axb5 23. Rxb5 Rd7 24. Rdb1 Ree7 25.
a4 Kh7 26. g4 g6 27. a5 Bg7 28. a6 bxa6 29. Rb6 Na5 30. Rxa6 Nc4 31. Ke2 Rb7 32. Raa1 Rbc7 33. Kd3 Rb7 34. h4 Nd6 35. h5 g5 36.
Nd2 f5 37. gxf5 Nxf5 38. Rxb7 Rxb7 39. Ra5 Rd7 40. Nf3 g4 41. Ne5 Bxe5 42. dxe5 d4 43. Bf4 Ng7 44. e6 Nxe6 45. Bxh6 Kxh6 46. Ra6 Re7 47.
Ke4 Kxh5 48. Ra5+ Ng5+ 49. Kxd4 Re2 50. Rf5 Kg6 51. Ra5 Rxf2 52. Ke3 Rf6 53. Ra4 Kh5 54. Ra8 g3 55. Rh8+ Kg4 0-1

[Event "Late-Titled-Tuesday-Blitz-August-29-2023"]
[Site "Chess.com"]
[Date "2023.08.29"]
[Round "3"]
[White "GoltsevDmitry2000"]
[Black "alexrustemov"]
[Result "1/2-1/2"]
[WhiteElo "2621"]
[BlackElo "2879"]
[TimeControl "180+1"]
[EndTime "14:28:40 PDT"]
[Termination "Game drawn by repetition"]

1. e4 e6 2. d4 d5 3. exd5 exd5 4. Nf3 Bf5 5. c4 Bxb1 6. Rxb1 Bb4+ 7. Bd2 Bxd2+ 8.
Qxd2 Nf6 9. Bd3 O-O 10. O-O c6 11. Rfe1 Nbd7 12. Ne5 Re8 13. Qf4 Nf8 14. cxd5 cxd5 15. Rbc1 Ne6 16. Qh4 g6 17. Re3 Nh5 18. Qg4 Qf6 19.
Rf3 Qg7 20. Rxf7 Qh6 21. Re1 Qd2 22. Rd1 Qg5 23. Qxg5 Nxg5 24. Rxb7 Nf4 25. Bf1 Rab8 26. Rxb8 Rxb8 27. Rd2 Ne4 28. Rc2 Ne6 29. Nc6 Rb7 30. f3 Nd6 31. g3 Nf5 32. Kf2 Nexd4 33. Nxd4 Nxd4 34. Rd2 Nf5 35. b4 Rxb4 36. Rxd5 Rb2+ 37.
Kg1 Rb1 38. Re5 Kg7 39. f4 Nd4 40. Re7+ Kh8 41. Rxa7 Nf3+ 42. Kf2 Nxh2 43. Be2 Rb2 44.
Ke3 h5 45. a4 Rb3+ 46. Kd4 Rxg3 47. a5 Nf3+ 48. Kd5 Ng1 49. Bc4 Ra3 50. a6 h4 51. Ke6 h3 52. Kf6 h2 53. Bd5 Nh3 54.
Ra8+ Kh7 55. Ra7+ Kh8 56. Ra8+ Kh7 57. Ra7+ Kh8 1/2-1/2

[Event "Late-Titled-Tuesday-Blitz-August-29-2023"]
[Site "Chess.com"]
[Date "2023.08.29"]
[Round "3"]
[White "Zq1"]
[Black "NowInChess"]
[Result "1-0"]
[WhiteElo "2535"]
[BlackElo "2273"]
[TimeControl "180+1"]
[EndTime "14:28:41 PDT"]
[Termination "Zq1 won by resignation"]

1. d4 Nf6 2. c4 c5 3. Nf3 cxd4 4. Nxd4 e5 5. Nb5 d5 6. cxd5 Bb4+ 7. Bd2 Bc5 8. N5c3 O-O 9. e3 Nxd5 10. Nxd5 Qxd5 11.
Nc3 Qc6 12. Qf3 Be6 13. Bb5 Qxf3 14. gxf3 a6 15. Bd3 Nc6 16. a3 Rfd8 17. Ke2 Rd7 18. Ne4 Be7 19. Bc3 Rad8 20. Bc2 f5 21.
Nd2 Bh4 22. Rhd1 b5 23. Ke1 Kf7 24. Nb3 Rxd1+ 25. Rxd1 Rxd1+ 26. Bxd1 Be7 27. Na5 Nxa5 28. Bxa5 Bd6 29. Bc3 Bc4 30. b3 Bd5 31. a4 bxa4 32. bxa4 Bc4 33. Be2 Bb3 34. a5 Bd5 35. Bxa6 Bxf3 36.
Bc8 g6 37. a6 Bc5 38. Bb7 Bxb7 39. axb7 Bd6 40. Bb4 Bb8 41. f3 Ke6 42. e4 fxe4 43. fxe4 Kd7 44. Ke2 Kc6 45. Kd3 Kxb7 46. Kc4 Kc6 47.
Ba3 Bd6 48. Bb2 Bc7 49. Bc1 Bd6 50. Bd2 h5 51. Be3 Be7 52. Bd2 Bg5 53. Bxg5 Kd6 54. Kb5 Ke6 55. Kc6 Kf7 56. Kd6 1-0

[Event "Late-Titled-Tuesday-Blitz-August-29-2023"]
[Site "Chess.com"]
[Date "2023.08.29"]
[Round "3"]
[White "IlanSchnaider"]
[Black "GMBenjaminBok"]
[Result "1/2-1/2"]
[WhiteElo "2702"]
[BlackElo "2915"]
[TimeControl "180+1"]
[EndTime "14:28:42 PDT"]
[Termination "Game drawn by repetition"]

1. e4 c5 2. Nf3 d6 3. Bb5+ Nd7 4.
a4 Nf6 5. Nc3 a6 6. Be2 g6 7. a5 Bg7 8. O-O O-O 9. d4 cxd4 10.
Qxd4 Nc5 11. Qe3 Bd7 12. h3 Rc8 13. e5 dxe5 14. Nxe5 Bf5 15. Rd1 Qc7 16. Nd3 Rfd8 17. Nxc5 Rxd1+ 18. Bxd1 Qxc5 19. Qxc5 Rxc5 20. Be3 Rc7 21.
g4 Bd7 22. Bf3 Bc6 23. Bxc6 Rxc6 24. Rd1 Rc8 25. g5 Ne8 26. Rd7 Nd6 27. Rxe7 Bxc3 28. bxc3 Nf5 29. Rxb7 Nxe3 30. fxe3 Rxc3 31. Rb6 Rxc2 32.
Rxa6 Rc5 33. h4 Rc4 34. Kf2 Rxh4 35. Kf3 Kg7 36. Ra7 h6 37. gxh6+ Rxh6 38. e4 Rh3+ 39. Kf4 Rh1 40. e5 Kh6 41. Kg4 Rg1+ 42. Kf4 g5+ 43. Kf5 Rf1+ 44. Kg4 Rf4+ 45. Kg3 Kh5 46. a6 Kg6 47. Rb7 Ra4 48. a7 Ra5 49. Re7 Ra3+ 50. Kg4 Ra1 51. Kg3 Ra4 52. Rb7 Ra5 53. Re7 Ra3+ 54.
Kg4 Ra4+ 55. Kg3 Ra1 56. Rb7 Ra3+ 57. Kg4 Ra4+ 58. Kg3 1/2-1/2

[Event "Late-Titled-Tuesday-Blitz-August-29-2023"]
[Site "Chess.com"]
[Date "2023.08.29"]
[Round "3"]
[White "enriquetejedor"]
[Black "Langusto"]
[Result "1-0"]
[WhiteElo "2696"]
[BlackElo "2483"]
[TimeControl "180+1"]
[EndTime "14:28:44 PDT"]
[Termination "enriquetejedor won on time"]

1. d3 d5 2. Nd2 g6 3. e4 Bg7 4.
Ngf3 c5 5. c3 Nc6 6. Be2 Nf6 7.
O-O O-O 8. h3 dxe4 9. dxe4 b6 10. Re1 Bb7 11. Qc2 Nh5 12. Nf1 Qc7 13. Ne3 e6 14. Bf1 Rad8 15. a4 h6 16. Ng4 Kh7 17.
e5 Ne7 18. Nd2 Nc6 19. Nf3 Rd5 20. Bc4 Rd7 21. Bb5 a6 22. Bf1 Rd5 23. Bc4 Rd7 24. Bf1 Ne7 25. Nd2 Nc6 26. Nc4 Rfd8 27. Nd6 Rxd6 28. exd6 Rxd6 29. Rd1 f5 30. Rxd6 Qxd6 31.
Ne3 Ne5 32. Nc4 Nxc4 33. Bxc4 e5 34. Be3 Qc6 35. Bf1 Nf6 36. Rd1 f4 37. Bc1 b5 38.
axb5 axb5 39. Qd3 c4 40. Qd6 Ne4 41. Qxc6 Bxc6 42. Bd2 Bf8 43. Be1 Bc5 44. Rd8 Kg7 45. Rc8 Bd5 46. Rb8 Bc6 47. Rc8 Bd5 48. Kh2 Bxf2 49.
Bxf2 Nxf2 50. Rc5 Be4 51. Rxe5 Bd3 52. Kg1 Nd1 53. Rxb5 Ne3 54. Bxd3 cxd3 55. Rb7+ Kf6 56. Rd7 1-0

[Event "Late-Titled-Tuesday-Blitz-August-29-2023"]
[Site "Chess.com"]
[Date "2023.08.29"]
[Round "3"]
[White "KorolDimitriy75"]
[Black "tteshan"]
[Result "0-1"]
[WhiteElo "2369"]
[BlackElo "2564"]
[TimeControl "180+1"]
[EndTime "14:28:44 PDT"]
[Termination "tteshan won by checkmate"]

1. d4 d5 2. c4 dxc4 3. Nf3 Nf6 4. Nc3 a6 5. e4 b5 6. e5 Nd5 7. a4 Bb7 8. e6 f6 9. Ne4 g6 10. Nc5 Bc6 11. b3 Nc3 12. Qc2 Bxf3 13. Qxc3 Bd5 14.
axb5 axb5 15. Rxa8 Bxa8 16. bxc4 bxc4 17. Qxc4 Bg7 18.
Qa4+ Bc6 19. Bb5 Qd5 20. Bxc6+ Qxc6 21. Qb4 O-O 22. O-O Qd5 23. Be3 Nc6 24. Qb7 Qd6 25. Rd1 Rb8 26. Qa6 f5 27. g3 Nb4 28. Qa7 Nc6 29.
Qa6 Nxd4 30. Qxd6 cxd6 31. Bxd4 dxc5 32. Bxg7 Kxg7 33. Rd7 Kf6 34. Rc7 Rb5 35. Rc6 Rb1+ 36. Kg2 Rc1 37. f4 c4 38. Kh3 c3 39. Kh4 c2 40. h3 Kg7 41. Rc7 Kf6 42. Rc6 h6 43.
Rc8 Kxe6 44. Rc6+ Kd5 45. Rc7 Kd4 46. Rc8 Ke4 47. Rc7 Kd5 48. Rc8 Ke6 49. Rc6+ Kf7 50.
Rc7 Kf6 51. Rc6+ e6 52. Rc7 g5+ 53. fxg5+ hxg5+ 54. Kh5 Rh1 55. Rxc2 Rxh3# 0-1

[Event "Late-Titled-Tuesday-Blitz-August-29-2023"]
[Site "Chess.com"]
[Date "2023.08.29"]
[Round "3"]
[White "KNVB"]
[Black "nihalsarin"]
[Result "0-1"]
[WhiteElo "2823"]
[BlackElo "3123"]
[TimeControl "180+1"]
[EndTime "14:28:47 PDT"]
[Termination "nihalsarin won by resignation"]

1. d4 d5 2. Bf4 Nf6 3. e3 Bf5 4. c4 e6 5. a3 c6 6. Nc3 Bd6 7. Bxd6 Qxd6 8. Nf3 O-O 9. Bd3 Bxd3 10. Qxd3 Nbd7 11.
O-O Rfe8 12. Rfd1 h6 13. h3 a5 14. Rac1 a4 15. e4 dxe4 16. Nxe4 Nxe4 17. Qxe4 Nf6 18. Qc2 Qc7 19. Rd3 Red8 20. Rcd1 Qb6 21. Ne5 Qa5 22.
c5 Rd5 23. Nc4 Qb5 24. Nb6 Rad8 25. Nxd5 Nxd5 26. g3 h5 27. h4 g6 28. b3 axb3 29. Qxb3 Qa6 30. Rb1 Rd7 31. Rd2 Kg7 32. Qd3 Qa7 33.
Rdb2 Ne7 34. Rb4 Nd5 35. R4b3 Ne7 36. Qc3 Kg8 37. Qb2 Nf5 38. Rxb7 Rxb7 39. Qxb7 Qxa3 40. Qb8+ Kh7 41. Rb7 Nh6 42. Qf4 Qd3 43. Rc7 Qb5 44.
Kg2 Qb3 45. Qf3 Qc4 46. Qe4 Qa2 47. Rxc6 Nf5 48. Rc7 Kg8 49. d5 Qa5 50. d6 Qd2 51. Qf3 e5 52. Rc8+ Kg7 53. Re8 Qd4 54. Kg1 Nh6 55.
Re7 Nf5 56. Re8 Nh6 57. Qe3 Qd1+ 58. Kg2 Ng4 59. Qe4 Qd2 60. Qf3 Qd4 61. Re7 Nf6 62. Kg1 Qxc5 63. Rc7 Qxd6 64. Qb7 Qe6 65. Re7 Qa2 66.
Qc7 Ng4 67. Qc5 Qb1+ 68. Kg2 Qe4+ 69. Kg1 Qe2 70. Rc7 Qd1+ 71. Kg2 Qe2 72. Qc2 Ne3+ 73. Kg1 Nxc2 0-1

[Event "Late-Titled-Tuesday-Blitz-August-29-2023"]
[Site "Chess.com"]
[Date "2023.08.29"]
[Round "3"]
[White "gunslinger222"]
[Black "ameetghasi100"]
[Result "1-0"]
[WhiteElo "2482"]
[BlackElo "2661"]
[TimeControl "180+1"]
[EndTime "14:28:47 PDT"]
[Termination "gunslinger222 won by resignation"]

1. d4 Nf6 2. c4 g6 3. Nc3 Bg7 4. e4 O-O 5. Nge2 d6 6. Ng3 c5 7. d5 a6 8. Bd3 Nbd7 9. f4 b5 10. cxb5 axb5 11. Bxb5 Qa5 12. O-O Ba6 13. Bxa6 Qxa6 14.
Qe2 Rfb8 15. Re1 Ne8 16. e5 Qxe2 17. Rxe2 dxe5 18. f5 Nd6 19. fxg6 hxg6 20. Bg5 f6 21. Be3 f5 22. Bg5 Bf6 23. Bxf6 exf6 24. Rc1 c4 25. h4 Nc5 26. h5 Nd3 27. Rcc2 g5 28. a3 Ra7 29. Nd1 Rab7 30. Rcd2 e4 31. Ne3 f4 32.
Nef5 Nxf5 33. Nxf5 e3 34. Rc2 Rxb2 35. Rxb2 Rxb2 36. Rxb2 Nxb2 37. d6 e2 38. Kf2 Nd3+ 39.
Kxe2 Ne5 40. Kd2 g4 41. a4 f3 42. gxf3 gxf3 43. a5 Kf7 44. a6 f2 45. Ne3 Nc6 46. h6 Kg6 47. d7 Kxh6 48. a7 f5 49.
a8=Q f4 50. Nf1 Ne5 51. Qe4 Nd3 52. Qxd3 cxd3 53. d8=Q Kg6 54. Qxd3+ Kh5 55. Qf3+ Kg5 56. Ke2 1-0

[Event "Late-Titled-Tuesday-Blitz-August-29-2023"]
[Site "Chess.com"]
[Date "2023.08.29"]
[Round "3"]
[White "HamedWafa4"]
[Black "Biregina"]
[Result "0-1"]
[WhiteElo "2568"]
[BlackElo "2435"]
[TimeControl "180+1"]
[EndTime "14:28:47 PDT"]
[Termination "Biregina won by resignation"]

1. e4 d6 2. d4 Nf6 3. Nc3 e5 4. dxe5 dxe5 5. Qxd8+ Kxd8 6. Nf3 Nbd7 7. Ng5 Ke7 8. Bc4 Nb6 9. Bb3 Be6 10. Nxe6 fxe6 11. a4 a5 12. Be3 Nfd7 13. O-O-O g6 14. Nb5 Rc8 15. Bg5+ Kf7 16. f4 h6 17. Bh4 exf4 18.
Rhf1 g5 19. Be1 Bg7 20. g3 Be5 21. Bxa5 Ke7 22. gxf4 Bxf4+ 23. Kb1 Rhd8 24. Bb4+ c5 25. Ba5 c4 26. Ba2 Nxa4 27. Bxd8+ Rxd8 28. Bxc4 Nac5 29. h4 Ne5 30. Rxd8 Kxd8 31. hxg5 hxg5 32. Be2 Nxe4 33. Rd1+ Ke7 34. c3 g4 35. Bf1 Nd2+ 36. Kc2 Nxf1 37. Rxf1 g3 38. Nd4 Be3 39. Ne2 g2 40. Rd1 Nf3 41. Rd3 Ne1+ 42. Kd1 Nxd3 43. Kc2 g1=Q 44.
Nxg1 Bxg1 45. Kxd3 Kd6 46. Ke4 Bc5 47. b3 Ba3 48. Kd4 b6 49. Ke4 Bb2 50. Kd4 e5+ 51.
Kc4 Kc6 52. b4 b5+ 53. Kb3 Ba1 54. c4 bxc4+ 55. Kxc4 Bd4 56. b5+ Kb6 57. Kb4 e4 58. Kc4 Bc5 59. Kd5 e3 0-1

[Event "Late-Titled-Tuesday-Blitz-August-29-2023"]
[Site "Chess.com"]
[Date "2023.08.29"]
[Round "3"]
[White "Alexei_Gubajdullin"]
[Black "Young_Catalan_Player09"]
[Result "1-0"]
[WhiteElo "2622"]
[BlackElo "2437"]
[TimeControl "180+1"]
[EndTime "14:28:50 PDT"]
[Termination "Alexei_Gubajdullin won by checkmate"]

1. d4 Nf6 2. Nf3 c5 3. c3 cxd4 4. cxd4 d5 5. Nc3 Nc6 6. Bf4 a6 7. e3 Bg4 8. Be2 e6 9. O-O Bxf3 10. Bxf3 Bd6 11. Bg5 h6 12. Bh4 O-O 13. Rc1 Rc8 14.
Na4 Qe7 15. Nc5 Rc7 16. a3 Na5 17. Be2 Rfc8 18. Nd3 Nc4 19. a4 g5 20. Bg3 Ne4 21. Bxd6 Qxd6 22. b3 Ncd2 23. Rxc7 Qxc7 24. Re1 Qc2 25.
f3 Nd6 26. Nc5 Qb2 27. Bd3 b6 28. Bxa6 Ra8 29. Re2 bxc5 30. Rxd2 Qc3 31. Rd3 Qb4 32. dxc5 Qxc5 33. Bb5 Nxb5 34. axb5 Qxb5 35. h4 Ra2 36. hxg5 hxg5 37. Rc3 Qa5 38. Qd4 Qa6 39. Qf6 g4 40. Rc7 Rxg2+ 41. Kxg2 Qe2+ 42. Kg3 Qe1+ 43. Kf4 Qb4+ 44.
Kg5 Qf8 45. Rd7 gxf3 46. Rd8 f2 47. Rxf8+ Kxf8 48. Qxf2 Ke7 49. Qf6+ Ke8 50. Kh6 Kf8 51.
Kh7 d4 52. exd4 Ke8 53. Kg7 Kd7 54. Kxf7 e5 55. dxe5 Kc7 56. Qd6+ Kb7 57. Ke7 Ka7 58.
Kd7 Kb7 59. Qb4+ Ka6 60. Kc6 Ka7 61. Qb7# 1-0

[Event "Late-Titled-Tuesday-Blitz-August-29-2023"]
[Site "Chess.com"]
[Date "2023.08.29"]
[Round "3"]
[White "Cipy77"]
[Black "Kostukov_Alex"]
[Result "1/2-1/2"]
[WhiteElo "2561"]
[BlackElo "2404"]
[TimeControl "180+1"]
[EndTime "14:28:50 PDT"]
[Termination "Game drawn by repetition"]

1. c4 c5 2. g3 Nf6 3. Bg2 g6 4.
Nc3 Bg7 5. d3 O-O 6. Nf3 Nc6 7. O-O d5 8. cxd5 Nxd5 9. Bd2 Nc7 10. Rc1 b6 11. a3 Bb7 12. Qc2 Ne6 13. Qb1 Qd7 14. b4 cxb4 15. axb4 Ncd4 16. Nxd4 Nxd4 17.
Bxb7 Qxb7 18. f3 Rfc8 19. Kg2 Nf5 20. Qb3 h5 21. e4 Nd4 22. Qd5 Qxd5 23. Nxd5 Kf8 24.
Bg5 f6 25. Be3 Ne6 26. b5 f5 27. h4 Bb2 28. Rxc8+ Rxc8 29. Rf2 Bd4 30. Ra2 Bxe3 31. Nxe3 fxe4 32. dxe4 Rc7 33. Nd5 Rd7 34. Ra4 Kf7 35. Kf2 Nc5 36. Ra2 e6 37. Nb4 Kf6 38. Nc6 e5 39.
Rxa7 Rd2+ 40. Ke3 Rd3+ 41. Ke2 Rb3 42. Re7 Ne6 43. f4 exf4 44. Rxe6+ Kxe6 45. Nd4+ Ke5 46. Nxb3 fxg3 47. Nd2 Kf4 48. Kf1 g5 49. hxg5 Kxg5 50. Kg2 Kf4 51. Nc4 h4 52. e5 Kf5 53. Nxb6 Kxe5 54.
Nc4+ Kd5 55. b6 Kc6 56. Kh3 Kb7 57. Kg2 Kc6 58. Kf3 Kb7 59. Kg2 Kc6 1/2-1/2